 Dungeon Crawl Stone Soup version 0.22-a0-422-g9628fc8 (webtiles) character file.

114 Kairos the Shield-Bearer (level 4, -1/24 HPs)
             Began as a Vine Stalker Fighter on May 17, 2018.
             Slain by a gnoll
             ... wielding a +0 flail
              (4 damage)
             ... on level 3 of the Dungeon.
             The game lasted 00:02:13 (2440 turns).

Kairos the Shield-Bearer (Vine Stalker Fighter)     Turns: 2440, Time: 00:02:15

Health: -1/24      AC:  8    Str: 20    XL:     4   Next: 98%
Magic:  0/5        EV:  7    Int:  8    God:
Gold:   38         SH:  9    Dex: 13    Spells: 3/3 levels left

rFire    . . .     SeeInvis .   a - +0 war axe
rCold    . . .     Gourm    .   c - +0 shield
rNeg     . . .     Faith    .   b - +0 scale mail
rPois    .         Spirit   +   e - +0 helmet
rElec    .         Reflect  .   (no cloak)
rCorr    .         Harm     .   (no gloves)
MR       .....                  (no boots)
Stlth    ..........             (no amulet)
HPRegen  0.48/turn              (no ring)
MPRegen  0.09/turn              (no ring)

@: no status effects
A: fangs 2, regeneration 1, magic shield, antimagic bite, no potion heal 3, rot
immunity
a: no special abilities


You were on level 3 of the Dungeon.
You were not hungry.

You visited 1 branch of the dungeon, and saw 3 of its levels.

You collected 38 gold pieces.

Inventory:

Hand Weapons
 a - a +0 war axe (weapon)
Armour
 b - a +0 scale mail (worn)
 c - a +0 shield (worn)
 e - a +0 helmet (worn)
Scrolls
 j - a scroll of teleportation {unknown}
Potions
 d - 2 potions of might
 g - a potion of invisibility {unknown}
 h - a potion of berserk rage {unknown}
 k - a potion of brilliance {unknown}
Comestibles
 f - 7 rations


   Skills:
 + Level 3.3 Fighting
 + Level 2.5 Axes
 + Level 3.2 Armour
 + Level 0.1 Dodging
 + Level 0.2 Stealth
 + Level 3.3 Shields


You had 3 spell levels left.
You didn't know any spells.
Your spell library contained the following spells:

 Spells                   Type           Power        Failure   Level  Hunger
 Confuse                  Hex            #.......     100%        3    ####...
 Confusing Touch          Hex            #.....       99%         1    ##.....
 Metabolic Englaciation   Hex/Ice        #.........   100%        5    ######.
 Petrify                  Tmut/Erth      #.......     100%        4    #####..
 Gell's Gravitas          Tloc           #.........   100%        3    ####...
 Yara's Violent Unravell  Hex/Tmut       #.........   100%        5    ######.


Dungeon Overview and Level Annotations

Branches:
Dungeon (3/15)

Altars:
Ashenzari
Fedhas
Xom


Innate Abilities, Weirdness & Mutations

You have extremely sharp teeth.
Your natural rate of healing is unusually fast.
When hurt, damage is shared between your health and your magic reserves.
Your bite disrupts and absorbs the magic of your enemies.
Potions cannot restore your health.
You are immune to rotting.


Message History

You feel invigorated.
The gnoll is heavily wounded.
You block the gnoll's attack.
You hit the gnoll.
The gnoll is almost dead.
You block the gnoll's attack. The gnoll hits you but does no damage.
You hit the gnoll but do no damage.
You kill the gnoll!
You hit the gnoll but do no damage. You bite the gnoll, but do no damage.
The gnoll is moderately wounded.
The gnoll hits you with a flail!
* * * LOW HITPOINT WARNING * * *
You block the gnoll's attack.
You closely miss the gnoll.
The gnoll is moderately wounded.
The gnoll hits you but does no damage.
The gnoll hits you from afar with a spear.
* * * LOW HITPOINT WARNING * * *
The gnoll hits you with a flail.
You die...

# #(# #.#
#.##.#### #†#
#..)....#
###.####.#
#.##.##.#
#........# #
#... #
#.#.######
###..###.#.#
..........#
#..###.### # #@#
#g#
...###g########
................
#...###†#.......
.. #.#.####.P
#...# ##..# ..#


You could see 2 gnolls.

Vanquished Creatures
  4 gnolls
  2 adders
  2 oozes (D:1)
  2 dart slugs (D:1)
  A leopard gecko (D:2)
  4 bats
  A giant cockroach (D:1)
  2 goblins
  6 hobgoblins
  6 kobolds
  4 quokkas (D:2)
  2 ball pythons (D:1)
  5 frilled lizards
  5 rats
46 creatures vanquished.

Notes
Turn   | Place    | Note
-------+----------+-------------------------------------------
     0 | D:1      | Kairos the Vine Stalker Fighter began the quest for the Orb.
     0 | D:1      | Reached XP level 1. HP: 11/11 MP: 2/2
    44 | D:1      | Reached XP level 2. HP: 16/16 MP: 3/3
   112 | D:1      | Reached XP level 3. HP: 6/20 MP: 4/4
  1649 | D:2      | Gained mutation: Your natural rate of healing is unusually fast. [Vine Stalker growth]
  1649 | D:2      | Reached XP level 4. HP: 24/24 MP: 5/5
  1653 | D:2      | Found a shimmering altar of Xom.
  1919 | D:2      | Found a blossoming altar of Fedhas.
  2192 | D:2      | Found a shattered altar of Ashenzari.
  2440 | D:3      | Slain by a gnoll

Vault maps used:
D:1:      erik_arrival_gehennom, minmay_shallow_snake_nest
D:2:      wad_woods_tower, lemuel_coloured_pillars_altar,
          overflow_temple_1_default, xom_teletrap_fun
D:3:      nicolae_dithmenos_shadow_blocks, yredelemnul_altar_generic,
          first_ration

Skill      XL: |  1  2  3 |
---------------+----------+-----
Fighting       | 3 |  3.3
Axes           | 2 |  2.5
Shields        | 3 |  3.3
Armour         | 3 |  3.2
Dodging        | |  0.1
Stealth        | |  0.2

Action                   |  1- 3 |  4- 6 || total
-------------------------+-------+-------++-------
Melee: War axe           |    83 |    63 ||   146
       Bite              |    21 |    24 ||    45
  Eat: Chunk             |     2 |     3 ||     5
Armor: Scale mail        |    44 |    20 ||    64
Dodge: Dodged            |    24 |    15 ||    39
Block: Shield            |    37 |    43 ||    80

Table legend:
 A = Spawn XP
 B = Non-spawn XP
 C = Spawn XP percentage of total XP
 D = Spawn monster count
 E = Non-spawn monster count
 F = Spawn count percentage of total count
 G = Total turns spent on level
                    A         B        C        D         E        F      G
               +---------+---------+-------+---------+---------+-------+---------
         Total |       0 |     164 |   0.0 |       0 |      46 |   0.0 |  2440
               +---------+---------+-------+---------+---------+-------+---------
           D:1 |       0 |      63 |   0.0 |       0 |      23 |   0.0 |  1363
           D:2 |       0 |      67 |   0.0 |       0 |      17 |   0.0 |  1020
           D:3 |       0 |      34 |   0.0 |       0 |       6 |   0.0 |    57
               +---------+---------+-------+---------+---------+-------+---------
